 Dungeon Sprint DCSS version 0.28.0-53-g5a82cb258f (webtiles) character file.

Game seed: 5297468176648421321

828 Zeld the Cleaver (level 7, -1/115 HPs)
             Began as a Minotaur Berserker on June 14, 2022.
             Was a Believer of Trog.
             Slain by an orange demon (11 damage)
             ... summoned by a kobold demonologist
             ... in the Dungeon (Sprint I: "Red Sonja").
             The game lasted 00:00:31 (622 turns).

Zeld the Cleaver (Minotaur Berserker)                Turns: 622, Time: 00:00:31

Health: -1/115     AC: -5    Str: 24    XL:     7   Next: 64%
Magic:  6/6        EV: 14    Int:  4    God:    Trog [**....]
Gold:   270        SH:  0    Dex:  9    Spells: 6/6 levels left

rFire   . . .      SeeInvis .   a - +0 hand axe
rCold   . . .      Faith    .   (no shield)
rNeg    . . .      Spirit   .   b - +0 animal skin
rPois   .          Reflect  .   (helmet restricted)
rElec   .          Harm     .   (no cloak)
rCorr   .          Rampage  .   (no gloves)
Will    .....      NoTele   +   (no boots)
Stlth   ..........              (no amulet)
HPRegen 0.29/turn               (no ring)
MPRegen 0.10/turn               (no ring)

@: berserking (expiring), corroded, very quick
A: horns 2, retaliatory headbutt
a: Renounce Religion, Berserk, Trog's Hand


You were in the Dungeon.
You worshipped Trog.
Trog was pleased with you.
You visited 1 branch You collected 270 gold pieces.

Inventory:

Hand Weapons
 a - a +0 hand axe (weapon)
Armour
 b - a +0 animal skin (worn)
Wands
 i - a wand of digging (4)
Scrolls
 h - a scroll of blinking
Potions
 c - a potion of curing
 d - a potion of heal wounds
 e - a potion of haste
 f - 2 potions of magic
 g - a potion of berserk rage


   Skills:
 * Level 12.1 Fighting
 * Level 12.2 Axes
 + Level 8.5 Armour
 + Level 7.8 Dodging


You had 6 spell levels left.
You didn't know any spells.
Your spell library was empty.

Dungeon Overview and Level Annotations

Branches:
Dungeon (1/1)

Altars:
Makhleb
Xom
Jiyva
Lugonu


Innate Abilities, Weirdness & Mutations

You have a pair of horns on your head.
You reflexively headbutt those who attack you in melee.


Message History

The kobold demonologist hits you with a +0 dagger.
* * * LOW HITPOINT WARNING * * *
The rust devil completely misses you.
Unknown command.
You hit the kobold demonologist.
Your headbutt misses the kobold demonologist.
The kobold demonologist is moderately wounded.
You barely miss the rust devil. You barely miss the ice devil.
The ice devil misses you. You furiously retaliate!
You headbutt the ice devil.
Unknown command.
Unknown command.
You barely miss the kobold demonologist.
Your headbutt misses the kobold demonologist.
The kobold demonologist is moderately wounded.
You hit the ice devil but do no damage. You closely miss the rust devil.
The kobold demonologist mumbles some strange words.
The rust devil hits you!
* * * LOW HITPOINT WARNING * * *
The rust devil corrodes you!
Unknown command.
You slash the kobold demonologist!
Your headbutt misses the kobold demonologist.
The kobold demonologist is heavily wounded.
You hit the ice devil. You slash the rust devil!
The ice devil barely misses you. You furiously retaliate!
You headbutt the ice devil!
Unknown command.
Unknown command.
You barely miss the kobold demonologist.
The kobold demonologist is heavily wounded.
You barely miss the rust devil. You hit the ice devil but do no damage.
The kobold demonologist gestures wildly while chanting.
Unknown command.
Unknown command.
You slash the kobold demonologist!
Your headbutt misses the kobold demonologist.
The kobold demonologist is almost dead.
You barely miss the ice devil. You hit the rust devil.
You completely miss the shadow imp. The orange demon stings you from afar!
You die...

####################
)..#..'..#__#..'44.#
#..').#..'..'..#@.5#
##'#####+#__####K54+
#..# #### ##### ####


You could see an orange demon (summoned), an ice devil (summoned), a rust devil
(summoned), a kobold demonologist, a shadow imp (summoned) and an ufetubus
(summoned).

Vanquished Creatures
  A kobold demonologist (D)
  A slime creature (D)
  Sigmund (D)
  A floating eye (D)
  An ogre (D)
  Ijyb (D)
6 creatures vanquished.

Notes
Turn   | Place    | Note
-------+----------+-------------------------------------------
     0 | D        | Zeld the Minotaur Berserker began the quest for the Orb.
     0 | D        | Reached XP level 1. HP: 19/19 MP: 0/0
     2 | D        | Noticed Ijyb
     7 | D        | Killed Ijyb
     8 | D        | Reached skill level 5 in Fighting
     8 | D        | Reached skill level 5 in Axes
     8 | D        | Reached XP level 2. HP: 14/29 MP: 1/1
   206 | D        | Noticed an ogre
   209 | D        | Killed an ogre
   210 | D        | Reached XP level 3. HP: 39/39 MP: 2/2
   210 | D        | Reached XP level 4. HP: 47/47 MP: 3/3
   339 | D        | Noticed Sigmund
   344 | D        | Killed Sigmund
   344 | D        | Reached ** piety under Trog
   345 | D        | Reached skill level 5 in Dodging
   345 | D        | Reached XP level 5. HP: 57/57 MP: 4/4
   501 | D        | Found a burning altar of Makhleb.
   501 | D        | Found a viscous altar of Jiyva.
   501 | D        | Found a shimmering altar of Xom.
   501 | D        | Found a corrupted altar of Lugonu.
   501 | D        | Noticed a slime creature
   508 | D        | Killed a slime creature
   509 | D        | Reached skill level 10 in Fighting
   509 | D        | Reached skill level 10 in Axes
   509 | D        | Reached XP level 6. HP: 67/67 MP: 5/5
   601 | D        | Noticed a kobold demonologist
   601 | D        | Noticed a floating eye
   601 | D        | Noticed a kobold demonologist
   603 | D        | Noticed an ice devil
   603 | D        | Paralysed by a floating eye for 3 turns
   604 | D        | Noticed a sun demon
   604 | D        | Noticed a rust devil
   608 | D        | Killed a floating eye
   609 | D        | Reached XP level 7. HP: 74/74 MP: 6/6
   611 | D        | Noticed a red devil
   612 | D        | Killed a kobold demonologist
   620 | D        | Noticed an orange demon
   622 | D        | Slain by an orange demon

Illustrated notes

Levels and vault maps discovered:
D:        dungeon_sprint_1 [red_sonja_temple_1, red_sonja_temple_small_1]

Skill      XL: |  1  2  3  4  5  6  7 |
---------------+----------------------+-----
Fighting       | 5 7 9 10 11 12 | 12.1
Axes           | 5 7 9 10 11 12 | 12.2
Armour         | 3 4 6 7 8 |  8.5
Dodging        | 3 4 5 6 7 |  7.8

Action                   |  1- 3 |  4- 6 |  7- 9 || total
-------------------------+-------+-------+-------++-------
Melee: Hand axe          |     5 |    12 |    13 ||    30
       Headbutt          |     1 |     3 |     1 ||     5
       Punch             |     1 |     1 |       ||     2
Invok: Berserk           |     2 |     3 |       ||     5
Armor: Animal skin       |       |     2 |       ||     2
Dodge: Dodged            |     3 |     2 |     4 ||     9
